cohdb
Replays
Latest Replays
All Replays
Popular Replays
Top Player Replays
Match Explorer
How It Works
Community
CoH3 Stats
Reddit
Sign in to upload your games and track your stats! →
Sign in with Steam
Match 41975304
Unlisted
Match 41975304
Overview
Messages
Build Orders
End
Kradschützen Motorcycle Team
Panzergrenadier Squad
Selects Armored Support Battlegroup
Panzergrenadier Squad
250 Light Carrier
Construct Light Support Kompanie
Construct Mechanized Kompanie
Selects Superior Fire Drills
Combat Half-tracks
Panzerjäger Mechanized Group
8 Rad Armored Car
2.5-tonne Medical Truck
Selects Salvage Kits
Selects Panzer Storm
Marder III Tank Destroyer
Panzerjäger Mechanized Group
Vehicle Survival Package
Selects Stuka Anti-tank Loiter
8 Rad Armored Car
8 Rad Armored Car
Tungsten Core Ammunition
Stuka Anti-tank Loiter
8 Rad Armored Car
Support Armor Elements
Emergency Repair Kits
Stuka Anti-tank Loiter
Dumbass
Nostalgi@
0
0
Comments
sign in to comment!
No comments posted yet!